 Dungeon Crawl Stone Soup version 0.30.1-6-gbe392663c4 (webtiles) character file.

Game seed: 15039092077180026547

2383 booth the Cleaver (level 9, 0/71 HPs)
             Began as a Gnoll Reaver on Sept 20, 2023.
             Was a Follower of Ashenzari.
             Slain by an orc warrior
             ... wielding a +0 bardiche
              (15 damage)
             ... in a bailey on Sept 21, 2023.
             The game lasted 01:07:01 (7502 turns).

booth the Cleaver (Gnoll Reaver)                    Turns: 7502, Time: 01:07:02

Health: 0/71       AC:  8    Str: 18    XL:     9   Next: 45%
Magic:  27/28      EV: 14    Int: 13    God:    Ashenzari [*.....]
Gold:   463        SH:  0    Dex: 17    Spells: 9/21 levels left

rFire   . . .        l - +2 hand axe (freeze)
rCold   . . .        (no shield)
rNeg    . . .        x - +0 ring mail
rPois   .            (no helmet)
rElec   .            z - +0 cloak of Supernal Understanding {Stlth+, Range, Comp} (curse)
rCorr   .            r - +0 pair of gloves
SInv    .            (no boots)
Will    .....        (no amulet)
Stlth   +++          j - ring of the Eye in the Sky {MP+9 Str+6 Dex+3, Bglg, Melee} (curse)
HPRegen 0.31/turn    (no ring)
MPRegen 0.21/turn

%: no passive effects
@: no status effects
A: fangs 1, strong nose, distributed training
a: Renounce Religion, Curse Item, Shatter the Chains


You were in a bailey.
You worshipped Ashenzari.
Ashenzari was aware of your devotion.
You visited 2 branches of the dungeon, and saw 8 of its levels.
You also visited: Sewer and Bailey.

You collected 463 gold pieces.

Inventory:

Hand Weapons
 a - a +0 heavy hand axe
 e - a +0 mace
 l - a +2 hand axe of freezing (weapon)
 o - a +0 flail
Armour
 r - a +0 pair of gloves (worn)
 t - a +0 scale mail
 x - a +0 ring mail (worn)
 z - the cursed +0 cloak of Supernal Understanding (worn) {Stlth+, Range, Comp}
   (You found it on level 5 of the Dungeon)

   It has a curse which improves the following skills: Ranged Combat: Ranged
   Weapons and Throwing.
   Companions: Summonings and Necromancy.
Jewellery
 j - the cursed ring of the Eye in the Sky (left hand) {MP+9 Str+6 Dex+3, Bglg, Melee}
   (You acquired it on level 4 of the Dungeon)

   [ring of strength]

   Str:       It affects your strength (+6).
   Dex:       It affects your dexterity (+3).
   MP:        It affects your magic capacity (+9).
   It has a curse which improves the following skills: Beguiling: Conjurations,
   Hexes and Translocations.
   Melee Combat: Short Blades, Long Blades, Axes, Maces & Flails, Polearms,
   Staves and Unarmed Combat.
Wands
 d - a wand of charming (6)
Scrolls
 c - 4 scrolls of poison
 h - 2 scrolls of magic mapping
 k - 2 scrolls of amnesia
 p - a scroll of blinking
 y - a scroll of fog
Potions
 b - a potion of magic
 f - a potion of flight
 g - 2 potions of haste
 i - 3 potions of attraction
 m - a potion of mutation
 n - a potion of cancellation
 q - 2 potions of curing
 u - a potion of resistance
Miscellaneous
 s - a box of beasts


   Skills:
 + Level 6.4 Fighting
 + Level 4.4(5.2) Short Blades
 + Level 4.4(5.2) Long Blades
 + Level 8.0(8.8) Axes
 + Level 4.4(5.2) Maces & Flails
 + Level 4.4(5.2) Polearms
 + Level 4.4(5.2) Staves
 + Level 4.4(5.2) Ranged Weapons
 + Level 4.4(5.2) Throwing
 + Level 4.4 Armour
 + Level 6.4 Dodging
 + Level 4.4 Stealth
 + Level 4.4 Shields
 + Level 4.4(5.2) Unarmed Combat
 + Level 6.7 Spellcasting
 + Level 6.6(7.4) Conjurations
 + Level 3.6(4.3) Hexes
 + Level 3.6(4.3) Summonings
 + Level 3.6(4.3) Necromancy
 + Level 3.6(4.3) Translocations
 + Level 3.6 Transmutations
 + Level 3.6 Fire Magic
 + Level 3.6 Ice Magic
 + Level 3.6 Air Magic
 + Level 3.6 Earth Magic
 + Level 3.6 Poison Magic
 + Level 4.9 Invocations
 + Level 4.4 Evocations


You had 9 spell levels left.
You knew the following spells:

 Your Spells              Type           Power      Damage    Failure   Level
a - Kiss of Death         Conj/Necr      76%        2d11      2%          1
b - Momentum Strike       Conj/Tloc      38%        3d9       3%          2
c - Hailstorm             Conj/Ice       18%        3d6       8%          3
d - Sandblast             Erth           26%        2d8       6%          1
e - Stone Arrow           Conj/Erth      36%        3d9       8%          3
f - Apportation           Tloc           30%        N/A       4%          1
g - Necrotise             Necr           60%        1d7       4%          1

Your spell library contained the following spells:

 Spells                   Type           Power      Damage    Failure   Level
 Summon Small Mammal      Summ           60%        N/A       4%          1
 Passwall                 Tmut/Erth      10%        N/A       9%          2
 Confusing Touch          Hex            15%        N/A       13%         3
 Dispel Undead            Necr           15%        3d10      38%         4
 Alistair's Intoxication  Tmut/Pois      8%         N/A       85%         5


Dungeon Overview and Level Annotations

Branches:
Dungeon (7/15)             Temple (1/1) D:4           Sewer (visited)
 Bailey (1/1)

Altars:
Ashenzari
Cheibriados
Dithmenos
Elyvilon
Fedhas
Gozag
Hepliaklqana
Kikubaaqudgha
Makhleb
Nemelex Xobeh
Qazlal
Ru
Trog
Uskayaw
Vehumet
Wu Jian
Xom
Yredelemnul
Zin
The Shining One

Shops:
D:1 (   D:5 (   D:7 (

Annotations:
D:3 2 transporters
D:7 Menkaure


Innate Abilities, Weirdness & Mutations

You have very sharp teeth.
Your uncanny sense of smell can sniff out nearby items.
Your experience applies equally to all skills.


Message History

The orc hits you from afar with a +0 spear.
Your orc skeleton misses the orc warrior.
Things that are here:
a +0 trident; a +0 chain mail You hit the orc warrior.
You freeze the orc warrior.
The orc warrior is lightly wounded.
You barely miss the orc.
The orc warrior hits you with a +0 bardiche!
The orc barely misses you. The orc hits you but does no damage.
Your orc skeleton hits the orc warrior but does no damage.
You closely miss the orc warrior.
You punch the orc warrior, but do no damage.
The orc warrior is lightly wounded.
You hit the orc but do no damage. The orc misses you.
The orc warrior hits you with a +0 bardiche!
The orc hits you but does no damage.
You hit the orc warrior. You freeze the orc warrior.
The orc warrior is moderately wounded.
You hit the orc. You freeze the orc.
Your orc skeleton hits the orc warrior but does no damage.
The orc warrior hits you with a +0 bardiche!
The orc closely misses you. x2
You slash the orc warrior! You freeze the orc warrior.
You bite the orc warrior, but do no damage.
The orc warrior is heavily wounded.
You hit the orc. You freeze the orc.
You kill the orc!
The orc warrior hits you with a +0 bardiche!
The orc closely misses you.
Your orc skeleton hits the orc warrior.
You barely miss the orc warrior. Your bite misses the orc warrior.
The orc warrior is severely wounded.
The orc misses you.
The orc warrior hits you with a +0 bardiche!
* * * LOW HITPOINT WARNING * * *
Your orc skeleton hits the orc warrior but does no damage.
You barely miss the orc warrior. Your bite misses the orc warrior.
The orc warrior is severely wounded.
The orc barely misses you.
The orc warrior hits you with a +0 bardiche!
You die...

≈≈≈≈≈≈≈≈c.. #...#
.......≈≈≈. #...#
≈≈≈≈≈≈≈..≈≈ #...#
≈)....≈≈≈.≈ #⌠..#
.≈≈≈≈≈).≈≈. ##..#
≈≈...≈≈≈.≈. #..#
..⌠.⌠..≈)≈≈ #.o+
..∩∩∩..≈o.. #).+
..⌠.⌠..≈.≈≈.≈.#Z@+
≈≈...≈≈≈.≈.≈≈.#.o#
.≈≈≈≈≈..≈≈.≈.##..#
≈.....≈≈≈.≈≈.#⌠..#
≈≈≈≈≈≈≈..≈≈..#...#
.......≈≈≈.⌠.#)..#
≈≈≈≈≈≈≈≈....##...#
........#####....#
#########⌠.).....#


You could see an orc warrior (ally target), an orc and a friendly orc skeleton.

Vanquished Creatures
  Joseph (D:7)
  Sigmund (D:3)
  A water moccasin (D:5)
  4 black bears
  An orc warrior (Bailey)
  An ice beast (D:6)
  An ogre (D:5)
  A centaur (Bailey)
  2 bullfrogs (Sewer)
  A gnoll sergeant (D:7)
  4 scorpions
  4 hounds
  2 jellies
  An orc priest (D:4)
  5 orc wizards
  5 gnolls (D:7)
  11 adders
  2 shadow imps
  An ufetubus (D:6)
  A worm (D:4)
  A dart slug (D:5)
  31 orcs
  3 bats
  6 endoplasms
  15 giant cockroaches
  8 goblins
  6 hobgoblins
  3 jackals (D:1)
  6 kobolds
  5 quokkas (Sewer)
  11 ball pythons
  9 frilled lizards
  3 rats (D:3)
  A spectral hobgoblin (D:1)
158 creatures vanquished.

Notes
Turn   | Place    | Note
-------+----------+-------------------------------------------
     0 | D:1      | booth the Gnoll Reaver began the quest for the Orb.
     0 | D:1      | Reached XP level 1. HP: 20/20 MP: 6/6
    56 | D:1      | Found Miygann's Antique Weapon Shop.
    99 | D:1      | Reached XP level 2. HP: 25/26 MP: 7/7
   102 | D:1      | Learned a level 2 spell: Momentum Strike
   570 | D:1      | Found a faded altar of an unknown god.
   700 | D:1      | Reached skill level 5 in Spellcasting
   700 | D:1      | Reached XP level 3. HP: 28/31 MP: 7/9
   704 | D:1      | Learned a level 3 spell: Hailstorm
  1046 | D:1      | Reached skill level 1 in Invocations
  1141 | D:2      | Reached skill level 1 in Short Blades
  1141 | D:2      | Reached skill level 1 in Long Blades
  1141 | D:2      | Reached skill level 1 in Maces & Flails
  1141 | D:2      | Reached skill level 1 in Polearms
  1141 | D:2      | Reached skill level 1 in Staves
  1141 | D:2      | Reached skill level 1 in Ranged Weapons
  1141 | D:2      | Reached skill level 1 in Throwing
  1141 | D:2      | Reached skill level 1 in Armour
  1141 | D:2      | Reached skill level 1 in Stealth
  1141 | D:2      | Reached skill level 1 in Shields
  1141 | D:2      | Reached skill level 1 in Unarmed Combat
  1141 | D:2      | Reached skill level 1 in Evocations
  1377 | D:2      | Reached XP level 4. HP: 27/28 MP: 8/11
  1695 | D:3      | Reached skill level 1 in Hexes
  1695 | D:3      | Reached skill level 1 in Summonings
  1695 | D:3      | Reached skill level 1 in Necromancy
  1695 | D:3      | Reached skill level 1 in Translocations
  1695 | D:3      | Reached skill level 1 in Transmutations
  1695 | D:3      | Reached skill level 1 in Fire Magic
  1695 | D:3      | Reached skill level 1 in Ice Magic
  1695 | D:3      | Reached skill level 1 in Air Magic
  1695 | D:3      | Reached skill level 1 in Earth Magic
  1695 | D:3      | Reached skill level 1 in Poison Magic
  1709 | D:3      | Learned a level 1 spell: Sandblast
  1785 | D:3      | Found a glowing drain.
  1813 | Sewer    | Entered a sewer
  2060 | Sewer    | Reached XP level 5. HP: 33/41 MP: 12/12
  2318 | Sewer    | Reached skill level 5 in Fighting
  2318 | Sewer    | Reached skill level 5 in Dodging
  2318 | Sewer    | Reached XP level 6. HP: 2/43 MP: 11/14
  2577 | D:3      | Found a basalt altar of Yredelemnul.
  2633 | D:3      | Noticed Sigmund
  2675 | D:3      | Killed Sigmund
  2676 | D:3      | Reached skill level 7 in Axes
  2676 | D:3      | Reached XP level 7. HP: 41/56 MP: 8/15
  2790 | D:3      | Learned a level 3 spell: Stone Arrow
  2816 | D:3      | Learned a level 1 spell: Apportation
  2836 | D:3      | Found a transporter.
  2873 | D:3      | Found a transporter.
  2950 | D:3      | Found a blossoming altar of Fedhas.
  3446 | D:4      | Found a staircase to the Ecumenical Temple.
  3531 | Temple   | Entered the Ecumenical Temple
  3643 | Temple   | Became a worshipper of Ashenzari the Shackled
  3929 | D:4      | Learned a level 1 spell: Necrotise
  4152 | D:4      | Found a stormy altar of Qazlal.
  4363 | D:4      | Identified a scroll of acquirement
  4363 | D:4      | Acquired the ring "Nextoew" {MP+9 Str+6 Dex+3}
  4399 | D:5      | Entered Level 5 of the Dungeon
  4602 | D:5      | Reached XP level 8. HP: 23/63 MP: 16/16
  4999 | D:5      | Found a sacrificial altar of Ru.
  5038 | D:5      | Found Wemaj's Antique Weapon Shop.
  5561 | D:5      | Reached * piety under Ashenzari
  5671 | D:5      | Noticed a wyvern
  6243 | D:6      | Reached XP level 9. HP: 59/63 MP: 18/18
  6740 | D:7      | Noticed Joseph
  6941 | D:7      | Killed Joseph
  7036 | D:7      | Noticed Menkaure
  7097 | D:7      | Found a flagged portal.
  7106 | D:7      | Found Saselus's Weapon Shoppe.
  7110 | Bailey   | Entered a bailey
  7280 | Bailey   | Reached skill level 8 in Axes
  7502 | Bailey   | Slain by an orc warrior

Illustrated notes

Levels and vault maps discovered:
D:1:      ebering_trefoil_3fold, layout_loops_cross, serial_shops, shop,
          dreamdust_ecumenical_altar_drowned_temple, minmay_splitting_lines,
          hex_tiny
D:2:      layout_rooms
D:3:      gammafunk_steamed_eel, layout_basic, amcnicky_altar_gilded,
          fedhas_altar_2, gup_sewer_entry_glass, uniq_sigmund
D:4:      layout_loops_ring, grunt_qazlal_clouds,
          minmay_temple_entry_proselytizer
D:5:      layout_basic, marbit_many_paths, serial_shops, shop
D:6:      layout_cave_pods, st_stairs_4
D:7:      layout_basic, enter_bailey_5, serial_shops, shop,
          minmay_fractal_squares_gapless_5, uniq_prince_ribbit1, uniq_joseph,
          uniq_menkaure
Temple:   lightli_temple_of_artemis
Bailey:   bailey_polearm_flooded_kennysheep, bailey

Skill      XL: |  1  2  3  4  5  6  7  8  9 |
---------------+----------------------------+-----
Spellcasting   | 5 6 |  6.7
Invocations    | 1 2 3 4 |  4.9
Short Blades   | 1 2 3 4 |  4.4
Long Blades    | 1 2 3 4 |  4.4
Maces & Flails | 1 2 3 4 |  4.4
Polearms       | 1 2 3 4 |  4.4
Staves         | 1 2 3 4 |  4.4
Ranged Weapons | 1 2 3 4 |  4.4
Throwing       | 1 2 3 4 |  4.4
Armour         | 1 2 3 4 |  4.4
Stealth        | 1 2 3 4 |  4.4
Shields        | 1 2 3 4 |  4.4
Unarmed Combat | 1 2 3 4 |  4.4
Evocations     | 1 2 3 4 |  4.4
Hexes          | 1 2 3 |  3.6
Summonings     | 1 2 3 |  3.6
Necromancy     | 1 2 3 |  3.6
Translocations | 1 2 3 |  3.6
Transmutations | 1 2 3 |  3.6
Fire Magic     | 1 2 3 |  3.6
Ice Magic      | 1 2 3 |  3.6
Air Magic      | 1 2 3 |  3.6
Earth Magic    | 1 2 3 |  3.6
Poison Magic   | 1 2 3 |  3.6
Fighting       | 5 6 |  6.4
Dodging        | 5 6 |  6.4
Axes           | 7 8 |  8.0
Conjurations   | 6 |  6.6

Action                     |  1- 3 |  4- 6 |  7- 9 || total
---------------------------+-------+-------+-------++-------
  Melee: Hand axe          |   102 |   143 |   191 ||   436
         Punch             |     1 |       |     8 ||     9
         Bite              |     7 |    11 |    15 ||    33
  Throw: Dart              |       |     1 |    41 ||    42
         Boomerang         |       |       |    14 ||    14
   Cast: Kiss of Death     |     3 |     2 |     1 ||     6
         Momentum Strike   |     1 |       |       ||     1
         Sandblast         |       |     6 |     2 ||     8
         Necrotise         |       |       |    33 ||    33
         Stone Arrow       |       |       |    14 ||    14
 Invoke: Curse Item        |       |       |     2 ||     2
  Evoke: Box of beasts     |       |     1 |       ||     1
    Use: Scroll            |     5 |     2 |     5 ||    12
         Potion            |     1 |     3 |     3 ||     7
   Stab: Sleeping          |       |       |     4 ||     4
 Armour: Leather armour    |    30 |    27 |    18 ||    75
         Skin              |       |     7 |       ||     7
         Ring mail         |       |       |    44 ||    44
  Dodge: Dodged            |    82 |    91 |   170 ||   343
